 Dungeon Crawl Stone Soup version 0.26-a0-40-gfe7b5d5a6f (webtiles) character file.

Game seed: 2569027502820844203, levelgen mode: classic

1573748 EnegeticOcto the Intangible (level 27, 154/154 HPs)
             Began as a Spriggan Earth Elementalist on May 31, 2020.
             Was the Champion of Cheibriados.
             Escaped with the Orb
             ... and 3 runes on June 1, 2020!
             The game lasted 04:31:15 (85295 turns).

EnegeticOcto the Intangible (SpEE)                 Turns: 85295, Time: 04:31:16

Health: 154/154    AC: 31    Str: 36    XL:     27
Magic:  52/52      EV: 42    Int: 37    God:    Cheibriados [******]
Gold:   6744       SH: 13    Dex: 31    Spells: 9/64 levels left

rFire    + + .     SeeInvis +   b - +9 demon blade (freeze)
rCold    + + +     Gourm    .   C - +3 buckler {AC+3}
rNeg     + + .     Faith    .   m - +9 shadow dragon scales
rPois    +         Spirit   .   R - +3 hat of Pondering {ponderous, MR+ MP+10 Int+5}
rElec    +         Reflect  .   k - +2 cloak {rCorr}
rCorr    +         Harm     .   (gloves unavailable)
MR       +++++     Clarity  +   (boots unavailable)
Stlth    ++........             r - amulet of Pekhlomosk {RegenMP rC+++ Str+7 Dex-3}
HPRegen  0.35/turn              h - ring "Ineosil" {rElec rN+ Str+8 Int-2 Stlth-}
MPRegen  0.58/turn              K - ring "Rite" {rPois rF++ rN+ MR+ Dex-4}

@: very slow
A: very small, unfitting armour, see invisible, clarity, clumsy 1, herbivore,
speed 3, low mp 1, slow metabolism 2
0: Orb of Zot
}: 3/15 runes: serpentine, barnacled, silver
a: Bend Time, Temporal Distortion, Slouch, Step From Time, Renounce Religion


You escaped.
You worshipped Cheibriados.
Cheibriados was exalted by your worship.
You were full.

You visited 10 branches of the dungeon, and saw 50 of its levels.
You visited 2 bazaars.
You also visited: Trove and Gauntlet.

You collected 13616 gold pieces.
You spent 6872 gold pieces at shops.

Inventory:

Hand Weapons
 a - a +9 rapier of electrocution
 b - a +9 demon blade of freezing (weapon)
Missiles
 i - 1993 arrows
 B - 20 throwing nets (quivered) {!f}
 E - 5 curare-tipped darts
Armour
 k - a +2 cloak of preservation (worn)
 m - +9 shadow dragon scales (worn)
 C - a +3 buckler of protection (worn)
 R - the +3 hat of Pondering (worn) {ponderous, MR+ MP+10 Int+5}
   (You found it on level 1 of the Realm of Zot)

   It affects your intelligence (+5).
   It affects your resistance to hostile enchantments.
   It affects your magic capacity (+10).
 W - the +4 moon troll leather armour {Spirit, Regen++ MP+5}
   (You found it on level 1 of the Realm of Zot)

   It affects your magic capacity (+5).
   It increases your rate of regeneration.
Jewellery
 h - the ring "Ineosil" (left hand) {rElec rN+ Str+8 Int-2 Stlth-}
   (You took it off a deep elf master archer on level 3 of the Elven Halls)

   [ring of positive energy]

   It affects your strength (+8).
   It affects your intelligence (-2).
   It insulates you from electricity.
   It protects you from negative energy.
   It makes you less stealthy.
 r - the amulet of Pekhlomosk (around neck) {RegenMP rC+++ Str+7 Dex-3}
   (You found it in a Gauntlet)

   [amulet of magic regeneration]

   It increases your magic regeneration.
   It affects your strength (+7).
   It affects your dexterity (-3).
   It renders you almost immune to cold.
 s - an uncursed amulet of guardian spirit
 K - the ring "Rite" (right hand) {rPois rF++ rN+ MR+ Dex-4}
   (You found it on level 1 of the Depths)

   [ring of protection from magic]

   It affects your dexterity (-4).
   It greatly protects you from fire.
   It protects you from poison.
   It protects you from negative energy.
   It affects your resistance to hostile enchantments.
Wands
 A - a wand of polymorph (31)
 D - a wand of digging (23) {@v3}
 F - a wand of iceblast (61) {@v2}
 L - a wand of clouds (17)
 O - a wand of paralysis (50)
 U - a wand of disintegration (33)
 Z - a wand of acid (10) {@v1}
Scrolls
 c - 24 scrolls of identify {@r1}
 d - 17 scrolls of teleportation {@r3 !r}
 j - 3 scrolls of holy word
 n - 2 scrolls of summoning
 p - 11 scrolls of fog {!r}
 q - a scroll of silence
 J - 5 scrolls of immolation
 P - 6 scrolls of fear {!r}
 Q - 6 scrolls of blinking {@r4}
 V - 5 scrolls of vulnerability
Potions
 l - 25 potions of curing {@q1 !q}
 o - 6 potions of brilliance
 t - 2 potions of invisibility
 u - 6 potions of flight
 v - 8 potions of lignification {@q6}
 w - 2 potions of ambrosia
 x - 3 potions of berserk rage
 z - 5 potions of might {@q3 !q}
 G - 7 potions of heal wounds {@q2 !q}
 M - a potion of magic
 N - 3 potions of mutation
 S - 2 potions of cancellation
 X - 4 potions of resistance
 Y - 8 potions of stabbing {@q5 !q}
Miscellaneous
 f - a phial of floods
 y - a lightning rod (4/4)
 H - 3 boxes of beasts
 I - a tin of tremorstones (3/3)
 T - a phantom mirror
Comestibles
 e - 49 rations


   Skills:
 * Level 19.1 Fighting
 - Level 14.0(16.7) Short Blades
 - Level 12.4(14.0) Long Blades
 - Level 4.0 Throwing
 - Level 8.0 Armour
 O Level 27 Dodging
 - Level 12.4 Stealth
 - Level 7.2 Shields
 - Level 19.3 Spellcasting
 - Level 15.0 Hexes
   Level 8.0 Charms
 - Level 9.0 Summonings
 - Level 14.0 Translocations
 - Level 14.0 Transmutations
   Level 6.0 Ice Magic
 - Level 6.0 Earth Magic
 - Level 13.0 Invocations
 - Level 16.2 Evocations


You had 9 spell levels left.
You knew the following spells:

 Your Spells              Type           Power        Failure   Level  Hunger
a - Irradiate             Conj/Tmut      ######....   4%          5    None
b - Petrify               Tmut/Erth      #######.     1%          4    None
c - Lesser Beckoning      Tloc           #######...   1%          3    None
e - Summon Mana Viper     Hex/Summ       #######.     1%          5    None
f - Invisibility          Hex            #######.     1%          6    None
g - Passage of Golubria   Tloc           N/A          1%          4    None
h - Lee's Rapid Deconstr  Erth           ######....   6%          5    None
i - Apportation           Tloc           ######       0%          1    None
j - Sticks to Snakes      Tmut           #######.     0%          2    None
k - Aura of Abjuration    Summ           #######...   1%          5    None
p - Passwall              Tmut/Erth      #######.     1%          2    None
C - Statue Form           Tmut/Erth      #######..    7%          6    None
E - Silence               Hex/Air        ######....   3%          5    None
Y - Blink                 Tloc           N/A          0%          2    None

Your spell library contained the following spells:

 Spells                   Type           Power        Failure   Level  Hunger
 Beastly Appendage        Tmut           ######       0%          1    None
 Corona                   Hex            #######      0%          1    None
 Slow                     Hex            #######.     0%          2    None
 Freeze                   Ice            ####         1%          1    None
 Infusion                 Chrm           ####         1%          1    None
 Sandblast                Erth           ######       1%          1    None
 Summon Butterflies       Summ           #######.     1%          1    None
 Summon Small Mammal      Summ           ####         1%          1    None
 Call Imp                 Summ           #######.     1%          2    None
 Shroud of Golubria       Chrm/Tloc      ######       1%          2    None
 Song of Slaying          Chrm           #######.     1%          2    None
 Call Canine Familiar     Summ           #######.     1%          3    None
 Confusing Touch          Hex            #######.     1%          3    None
 Dazzling Flash           Conj/Hex       ######       1%          3    None
 Frozen Ramparts          Ice            ######       1%          3    None
 Gell's Gravitas          Tloc           #######...   1%          3    None
 Ignite Poison            Fire/Tmut/Pois ######..     1%          3    None
 Inner Flame              Hex/Fire       ######..     1%          3    None
 Ozocubu's Armour         Chrm/Ice       ######..     1%          3    None
 Recall                   Summ/Tloc      N/A          1%          3    None
 Spectral Weapon          Hex/Chrm       #######.     1%          3    None
 Spider Form              Tmut/Pois      ######....   1%          3    None
 Summon Guardian Golem    Hex/Summ       #######.     1%          3    None
 Teleport Other           Tloc           #######.     1%          3    None
 Tukima's Dance           Hex            #######.     1%          3    None
 Fulminant Prism          Conj/Hex       ######....   1%          4    None
 Ice Form                 Ice/Tmut       #######.     1%          4    None
 Iskenderun's Mystic Bla  Conj/Tloc      ######..     1%          4    None
 Summon Ice Beast         Ice/Summ       ######..     1%          4    None
 Blade Hands              Tmut           #######...   1%          5    None
 Metabolic Englaciation   Hex/Ice        #######...   1%          5    None
 Yara's Violent Unravell  Hex/Tmut       #######...   1%          5    None
 Hydra Form               Tmut           #######...   1%          6    None
 Animate Skeleton         Necr           N/A          2%          1    None
 Foxfire                  Conj/Fire      ####         2%          1    None
 Magic Dart               Conj           ####         2%          1    None
 Stone Arrow              Conj/Erth      ######       2%          3    None
 Corpse Rot               Necr/Air       N/A          4%          2    None
 Poisonous Vapours        Pois/Air       #####.       4%          2    None
 Searing Ray              Conj           #####.       4%          2    None
 Sublimation of Blood     Necr           #####.....   4%          2    None
 Summon Lightning Spire   Summ/Air       ######..     4%          4    None
 Alistair's Intoxication  Tmut/Pois      ######..     4%          5    None
 Hailstorm                Conj/Ice       ######..     8%          4    None
 Dragon Form              Tmut           #######...   8%          7    None
 Conjure Flame            Conj/Fire      #####...     9%          3    None
 Mephitic Cloud           Conj/Pois/Air  #####...     9%          3    None
 Static Discharge         Conj/Air       #####...     9%          3    None
 Vampiric Draining        Necr           #####.....   9%          3    None
 Excruciating Wounds      Chrm/Necr      ######....   14%         5    None
 Malign Gateway           Summ/Tloc      #######...   21%         7    None
 Borgnjor's Vile Clutch   Necr/Erth      ######....   22%         5    None
 Animate Dead             Necr           N/A          26%         4    None
 Dispel Undead            Necr           #####...     26%         4    None
 Sticky Flame             Conj/Fire      #####...     26%         4    None
 Bolt of Magma            Conj/Fire/Erth ######....   32%         5    None
 Ozocubu's Refrigeration  Ice            ######....   34%         6    None
 Summon Hydra             Summ           #######...   50%         7    None
 Controlled Blink         Tloc           N/A          50%         8    ####...
 Agony                    Necr           #####...     58%         5    None
 Fireball                 Conj/Fire      #####.....   58%         5    None
 Lightning Bolt           Conj/Air       #####.....   58%         5    None
 Simulacrum               Ice/Necr       ######....   77%         6    None
 Freezing Cloud           Conj/Ice/Air   ######....   88%         6    None
 Spellforged Servitor     Conj/Summ      ######....   98%         7    None
 Conjure Ball Lightning   Conj/Air       #####.....   99%         6    None
 Death Channel            Necr           #####.....   99%         6    None
 Starburst                Conj/Fire      #####.....   99%         6    None
 Ring of Flames           Chrm/Fire      ######....   99%         7    None
 Orb of Destruction       Conj           #####.....   100%        7    None
 Ignition                 Fire           #####.....   100%        8    ####...
 Shatter                  Erth           ######....   100%        9    #####..
 Tornado                  Air            #####.....   100%        9    #####..


Dungeon Overview and Level Annotations

Branches:
Dungeon (15/15)            Temple (1/1) D:5            Lair (6/6) D:10
 Shoals (4/4) Lair:3        Snake (4/4) Lair:4        Slime (0/5) Lair:6
    Orc (2/2) D:11            Elf (3/3) Orc:2        Vaults (5/5) D:14
  Crypt (0/3) Vaults:2     Depths (5/5) D:15            Zot (5/5) Depths:5
Gauntlet (visited)

Altars:
Ashenzari
Cheibriados
Dithmenos
Elyvilon
Fedhas
Gozag
Hepliaklqana
Kikubaaqudgha
Makhleb
Okawaru
Qazlal
Ru
Sif Muna
Trog
Uskayaw
Vehumet
Wu Jian
Xom
Yredelemnul
Zin
The Shining One
Jiyva
Lugonu

Shops:
D:10 :   Orc:2 *=?:=}(   Elf:3 (   Vaults:1 [}   Vaults:3 *   Vaults:4 !!=[

Portals:
Hell: Depths:1 Depths:2 Depths:3 Depths:4 Depths:5
Abyss: D:12 Depths:1 Depths:2 Depths:4
Pandemonium: Depths:2 Depths:3 Depths:5
Ziggurat: Depths:1
Bazaar: Shoals:1

Annotations:
D:9 exclusion: 5 doors
D:11 3 runed translucent doors, exclusion: 3 doors, kelmiir's ghost, journeyman DEEE
Snake:1 1 runed translucent door, Xucur's ghost, adept DrIE
Vaults:4 3 runed translucent doors, Erghig's ghost, adept DrIE
Vaults:5 1 exclusion
Depths:4 exclusion: ice statue
Zot:5 3 runed translucent doors, Sar's ghost, legendary NaIE


Innate Abilities, Weirdness & Mutations

You are very small and have problems with some larger weapons.
You are too small for most types of armour.
You have supernaturally acute eyesight. (SInv)
You are a herbivore.
You cover ground extremely quickly.
You need to consume almost no food.
You possess an exceptional clarity of mind.
You are clumsy. (Dex -2)
Your magical capacity is low. (-10% MP)


Message History

You block the orange demon's attack. The orange demon completely misses you.
You slash the orange demon! You freeze the orange demon.
You kill the orange demon!
Cheibriados appreciates the change of pace.
You feel the corruption within you wane completely.
You feel robust. x2
(D) Dungeon (T) Temple (L) Lair (A) Shoals (P) Snake Pit (M) Slime Pits (O) Orcish Mines (E) Elven Halls (V) Vaults (C) Crypt (U) Depths (H) Hell (Z) Zot
Where to? (Enter - D:1 @ (x,y), ? - help)
A Tzitzimitl comes into view.
Really read
p - 12 scrolls of fog {!r}?
As you read the scroll of fog {!r}, it crumbles to dust.
The scroll dissolves into smoke.
The Tzitzimitl moves out of view.
There is a stone staircase leading up here.
You climb upwards.
There is a stone staircase leading down here.
(D) Dungeon (T) Temple (L) Lair (A) Shoals (P) Snake Pit (M) Slime Pits (O) Orcish Mines (E) Elven Halls (V) Vaults (C) Crypt (U) Depths (H) Hell (Z) Zot
Where to? (Enter - D:1 @ (x,y), ? - help)
An orange demon comes into view.
There is a stone staircase leading up here.
You climb upwards.
There is a stone staircase leading down here.
Casting: Blink (safe; 0% risk of failure)
Confirm with . or Enter, or press ? or * to list all spells.
Aiming: Passwall (safe; 1% risk of failure)
Press: ? - help, Dir - move target cursor A rock wall.
This square is covered in magical glow.
You begin to meditate on the wall.
You continue meditating on the rock. x2
Magic restored.
You continue meditating on the rock. x2
You finish merging with the rock.
Casting: Passwall (safe; 1% risk of failure)
Confirm with . or Enter, or press ? or * to list all spells.
Aiming: Passwall (safe; 1% risk of failure)
Press: ? - help, Dir - move target cursor A rock wall.
This square is covered in magical glow.
You begin to meditate on the wall.
You continue meditating on the rock. x4
You finish merging with the rock.
Casting: Passwall (safe; 1% risk of failure)
Confirm with . or Enter, or press ? or * to list all spells.
Aiming: Passwall (safe; 1% risk of failure)
Press: ? - help, Dir - move target cursor A rock wall.
This square is covered in magical glow.
You begin to meditate on the wall.
You continue meditating on the rock. x2
You finish merging with the rock.
Casting: Passwall (safe; 1% risk of failure)
Confirm with . or Enter, or press ? or * to list all spells.
Aiming: Passwall (safe; 1% risk of failure)
Press: ? - help, Dir - move target cursor A rock wall.
This square is covered in magical glow.
You begin to meditate on the wall.
You continue meditating on the rock. x3
You finish merging with the rock.
You climb upwards.
There is a stone staircase leading down here.
Casting: Passwall (safe; 1% risk of failure)
Confirm with . or Enter, or press ? or * to list all spells.
Aiming: Passwall (safe; 1% risk of failure)
Press: ? - help, Dir - move target cursor A rock wall.
This square is covered in magical glow.
You begin to meditate on the wall.
You continue meditating on the rock. x2
You finish merging with the rock.
Casting: Passwall (safe; 1% risk of failure)
Confirm with . or Enter, or press ? or * to list all spells.
Aiming: Passwall (safe; 1% risk of failure)
Press: ? - help, Dir - move target cursor A rock wall.
This square is covered in magical glow.
You begin to meditate on the wall.
You continue meditating on the rock. x3
Magic restored.
You continue meditating on the rock.
You finish merging with the rock.
There is a stone staircase leading up here.
(D) Dungeon (T) Temple (L) Lair (A) Shoals (P) Snake Pit (M) Slime Pits (O) Orcish Mines (E) Elven Halls (V) Vaults (C) Crypt (U) Depths (H) Hell (Z) Zot
Where to? (Enter - D:1 @ (x,y), ? - help)
There is a stone staircase leading up here.
You climb upwards.
There is a stone staircase leading down here.
There is a stone staircase leading up here.
You climb upwards.
There is a stone staircase leading down here.
There is a stone staircase leading up here.
You climb upwards.
There is a stone staircase leading down here.
You open the door.
There is an open door here.
There is a staircase leading out of the dungeon here.
You have escaped!

#.# ####....# #.# #..#....#
#.# #..#....# #.#
♣♣#..#....' #.# ♣♣♣
♣.#..#....# #.#
♣♣♣♣♣♣♣♣♣.♣♣♣.........#
#.#♣♣♣.♣♣..♣♣...♣.......##.#
#...♣g.♣♣♣.....♣..♣#..####.#
###♣.♣>....@..♣♣♣.♣#..####.#
♣♣.♣♣.♣...♣♣ ♣♣♣#.#...#..
♣♣♣♣♣..♣♣♣ #.#.#.#.# ♣♣♣♣
#.#.#.#.# #.#.#.###
#.#.#.... #...##### #####


You could see a hobgoblin (wandering).

Vanquished Creatures
  4 orbs of fire
  A juggernaut (Depths:5)
  5 ancient liches
  Sojobo (Vaults:2)
  8 Killer Klowns
  Margery (Depths:4)
  The ghost of Nisetemo the Bewitcher, a master KoEn of Dithmenos (Depths:1)
  Xtahua (Depths:4)
  3 curse toes
  A caustic shrike (Depths:1)
  6 golden dragons
  Nikola (Elf:1)
  A bone dragon (Depths:5)
  2 electric golems
  12 tentacled monstrosities
  26 Orb Guardians
  7 liches
  A deep elf master archer (Elf:3)
  2 deep elf blademasters (Elf:3)
  8 quicksilver dragons
  Polyphemus (Shoals:3)
  4 titans (Vaults:5)
  A kraken (Shoals:3)
  16 storm dragons
  3 sphinxes
  6 tengu reavers
  7 death cobs
  14 shadow dragons
  A revenant (Vaults:2)
  Kirke (Lair:6)
  Donald (Vaults:3)
  10 nagarajas
  6 draconian monks
  14 frost giants
  Ilsuiw (Shoals:2)
  8 draconian knights
  An orc warlord (Orc:2)
  9 deep elf sorcerers
  5 iron dragons
  Louise (Shoals:1)
  9 draconian shifters
  A balrug (Depths:1)
  10 draconian scorchers
  5 fire giants
  A caustic shrike zombie (Depths:3)
  2 juggernaut zombies
  4 deep elf elementalists
  The ghost of Jaudus the Contaminator, a journeyman OpVM of Ru (D:14)
  9 vault wardens
  5 draconian annihilators
  A draconian stormcaller (Zot:2)
  A war gargoyle (Vaults:4)
  21 stone giants
  2 entropy weavers
  A vampire knight (Depths:2)
  19 very ugly things
  23 ironheart preservers
  7 deep elf demonologists
  10 green draconians
  9 deep elf annihilators
  17 black draconians
  6 spark wasps
  10 white draconians
  A lorocyproca (Depths:3)
  A minotaur (Gauntlet)
  9 purple draconians
  18 red draconians
  Snorg (D:14)
  8 yellow draconians
  A blizzard demon (Depths:4)
  14 fire dragons
  7 deep elf death magi
  4 merfolk javelineers
  3 jiangshi
  16 ettins
  Josephine (Lair:5)
  4 merfolk impalers
  A great orb of eyes (shapeshifter) (Depths:1)
  4 deep elf high priests
  12 yaktaur captains
  A fire dragon (shapeshifter) (Vaults:5)
  6 great orbs of eyes
  A hell beast (D:12)
  18 ice dragons
  25 vault guards
  9 naga warriors
  4 spriggan air magi
  A hydra (shapeshifter) (Vaults:2)
  6 hydras
  7 rakshasas
  11 anacondas
  11 centaur warriors
  Erica (Lair:2)
  An alligator snapping turtle (shapeshifter) (Depths:1)
  49 two-headed ogres
  3 merfolk aquamancers
  3 merfolk avatars
  7 death knights
  2 satyrs (Shoals:4)
  9 deep troll shamans
  6 tengu warriors
  4 death yaks (Shoals:3)
  4 shock serpents
  5 vampire magi
  4 alligator snapping turtles
  22 dancing weapons
  5 spriggan berserkers
  21 ogre magi
  15 deep troll earth magi
  A sun demon (Depths:2)
  5 hell knights
  17 naga sharpshooters
  3 soul eaters
  21 deep elf knights
  2 shadow wraiths
  3 unseen horrors
  4 iron trolls
  5 salamander mystics
  A swamp dragon (Lair:6)
  6 skeletal warriors
  23 sea snakes
  3 glowing orange brains
  37 deep trolls
  A death drake (shapeshifter) (D:15)
  13 deep elf archers
  6 flayed ghosts
  17 wizards
  22 ironbrand convokers
  A shadow demon (Depths:5)
  A shadow dragon zombie (Vaults:5)
  15 orc knights
  2 lindwurms (shapeshifter)
  15 harpies
  5 necromancers
  4 naga ritualists
  A frost giant zombie (Depths:2)
  8 mana vipers
  An iron dragon zombie (Depths:3)
  9 phantasmal warriors
  7 cyclopes
  3 orc sorcerers
  A human zombie (Vaults:5)
  64 deep elf magi
  A faun (shapeshifter) (Depths:3)
  12 manticores
  A spectral spriggan (D:14)
  A stone giant zombie (D:14)
  2 wolf spiders
  4 fauns
  4 oklob plants (Lair:5)
  14 salamanders
  2 cyclopes (shapeshifter) (Vaults:5)
  28 black mambas
  13 moths of wrath
  11 vault sentinels
  2 centaur zombies
  6 elephants (Lair:3)
  10 merfolk sirens
  Joseph (Lair:1)
  6 guardian serpents
  5 water nymphs
  49 ugly things
  2 orange demons
  A spriggan zombie (Depths:3)
  2 rust devils (D:12)
  23 naga magi
  Psyche (D:11)
  A black mamba (shapeshifter) (Vaults:4)
  A smoke demon (Depths:2)
  An ice statue (Depths:4)
  A spriggan skeleton (Depths:3)
  19 spiny frogs
  6 rime drakes
  38 yaktaurs
  3 kobold demonologists
  An efreet (D:14)
  6 hellwings
  10 freezing wraiths
  A komodo dragon (shapeshifter) (Depths:3)
  4 ice devils
  2 tengu conjurers
  11 komodo dragons
  4 red devils
  6 meliai
  A merfolk (shapeshifter) (Vaults:5)
  23 merfolk
  A shadow dragon simulacrum (Vaults:5)
  7 trolls
  A polar bear (Lair:5)
  A wind drake (shapeshifter) (Vaults:2)
  2 queen bees
  9 hornets
  Prince Ribbit (Lair:3)
  32 slime creatures
  6 wind drakes
  23 blink frogs
  A snapping turtle (shapeshifter) (Depths:5)
  13 hippogriffs
  A frost giant simulacrum (Vaults:2)
  8 snapping turtles
  A fire giant simulacrum (Vaults:5)
  9 dream sheep
  2 air elementals
  5 spriggans
  A redback (shapeshifter) (Depths:1)
  2 redbacks (Vaults:2)
  A ynoxinul (Depths:2)
  8 wraiths
  A yak (shapeshifter) (Depths:1)
  3 vampires
  12 water elementals
  A shadow (D:13)
  2 wyverns
  5 hogs
  A human (D:8)
  5 basilisks
  A basilisk (shapeshifter) (Vaults:1)
  4 vampire mosquitoes
  3 steam dragons
  59 yaks
  Grum (D:10)
  3 hungry ghosts
  4 wargs
  A soldier ant (D:15)
  6 hell hounds (Depths:1)
  A swamp worm (shapeshifter) (Depths:5)
  3 acid dragons
  44 nagas
  A soldier ant (shapeshifter) (Vaults:2)
  A floating eye (shapeshifter) (Depths:5)
  4 floating eyes
  12 water moccasins
  7 porcupines
  A swamp drake (Lair:6)
  An ettin simulacrum (Vaults:2)
  4 phantoms
  A necrophage (D:8)
  57 orc warriors
  5 black bears
  4 ice beasts
  7 sky beasts
  An eye of draining (shapeshifter) (D:14)
  13 wolves
  An eye of draining (D:14)
  42 ogres
  The ghost of kelmiir the Ducker, an amateur GnWn (D:3)
  31 centaurs
  21 boggarts
  20 crocodiles
  A big kobold (D:8)
  16 bullfrogs
  An earth elemental (Elf:2)
  A wyvern zombie (D:13)
  3 scorpions
  2 wyvern skeletons
  A human simulacrum (Vaults:3)
  A killer bee (shapeshifter) (Vaults:5)
  63 killer bees
  13 wights
  6 howler monkeys
  An electric eel (Vaults:2)
  9 crimson imps
  2 bullfrog zombies
  A quasit (D:10)
  8 hounds
  16 orc priests
  4 jellies
  19 orc wizards
  A bullfrog skeleton (D:9)
  3 centaur skeletons
  10 iron imps (D:12)
  12 worker ants
  7 iguanas
  A hound zombie (D:7)
  3 hound skeletons
  3 worker ant zombies
  15 adders
  8 gnolls
  A howler monkey skeleton (D:11)
  A river rat (shapeshifter) (Vaults:5)
  A river rat (Lair:3)
  6 shadow imps
  3 oozes
  An adder zombie (D:5)
  An adder skeleton (D:9)
  4 worms
  3 dart slugs
  A leopard gecko (D:9)
  102 orcs
  12 bats
  6 giant cockroaches
  5 hobgoblins
  8 jackals
  15 kobolds
  3 quokkas
  3 ball pythons
  7 frilled lizards
  4 goblins
  A quokka simulacrum (D:9)
  2 quokka skeletons
  7 rats
  A bush (Shoals:3)
  A fungus (Lair:5)
  2 plants (Lair:5)
2371 creatures vanquished.

Vanquished Creatures (collateral kills)
  2 ancient liches (Zot:5)
  A Killer Klown (Zot:5)
  A golden dragon (Zot:4)
  3 tentacled monstrosities
  A titan (Vaults:5)
  A deep elf master archer (Elf:3)
  A death cob (Zot:2)
  A shadow dragon (Zot:1)
  3 storm dragons
  A tengu reaver (Vaults:5)
  A nagaraja (Snake:4)
  A ghost moth (Zot:2)
  2 vault wardens
  A reaper (Gauntlet)
  An entropy weaver (Vaults:4)
  A stone giant (Depths:2)
  A deep elf annihilator (Elf:3)
  2 deep elf demonologists (Elf:3)
  2 red draconians
  A deep elf death mage (Elf:3)
  A jiangshi (Depths:1)
  A great orb of eyes (Vaults:3)
  An ice dragon (Depths:4)
  3 vault guards (Vaults:5)
  A merfolk avatar (Shoals:4)
  An ogre mage (Vaults:3)
  A death knight (D:14)
  A two-headed ogre (Vaults:3)
  A two-headed ogre (shapeshifter) (Vaults:4)
  A spectral spriggan (D:14)
  A spriggan berserker (Depths:2)
  A soul eater (Depths:3)
  A deep elf knight (Vaults:5)
  A sixfirhy (Depths:3)
  A hell knight (Depths:4)
  A glowing orange brain (Depths:4)
  5 deep trolls
  A deep elf archer (Vaults:3)
  A necromancer (Depths:4)
  A phantasmal warrior (Vaults:5)
  An ugly thing (D:14)
  3 deep elf magi
  4 moths of wrath (Zot:2)
  A frost giant skeleton (Depths:2)
  A freezing wraith (Vaults:3)
  7 yaktaurs
  A water elemental (Shoals:2)
  A wyvern (Lair:3)
  2 orc warriors
  An ogre (Depths:2)
  A centaur (Vaults:3)
  A bullfrog (Lair:4)
  2 earth elementals (Elf:3)
  An orc priest (D:14)
  An orc (D:14)
  A plant (Shoals:4)
83 creatures vanquished.

Vanquished Creatures (others)
  A shadow dragon (Vaults:5)
  A stone giant (Vaults:5)
  A deep elf high priest (Elf:3)
  3 vault guards (Vaults:5)
  A yaktaur captain (Vaults:5)
  A catoblepas (Shoals:3)
  An ice dragon (Vaults:5)
  An ogre mage (Depths:2)
  A deep troll earth mage (Depths:2)
  2 deep elf knights
  A deep troll (Vaults:3)
  A deep elf mage (Elf:2)
  3 yaktaurs
  4 humans (Lair:6)
  A water moccasin (Lair:4)
  An orc warrior (D:12)
  A killer bee (Lair:3)
  A jelly (D:8)
  An iguana (Lair:6)
  42 fungi
  58 plants
127 creatures vanquished.

Grand Total: 2581 creatures vanquished

Notes
Turn   | Place    | Note
-------+----------+-------------------------------------------
     0 | D:1      | EnegeticOcto the Spriggan Earth Elementalist began the
                  | quest for the Orb.
     0 | D:1      | Reached XP level 1. HP: 9/9 MP: 5/5
   429 | D:1      | Reached skill level 3 in Earth Magic
   565 | D:1      | Reached XP level 2. HP: 13/13 MP: 4/6
   687 | D:1      | Reached skill level 4 in Stealth
   720 | D:1      | Learned a level 2 spell: Passwall
   825 | D:1      | Reached XP level 3. HP: 16/16 MP: 6/8
   984 | D:1      | Reached skill level 2 in Transmutations
  1426 | D:2      | Reached XP level 4. HP: 19/21 MP: 6/9
  1479 | D:2      | Reached skill level 5 in Stealth
  1619 | D:2      | Reached skill level 3 in Transmutations
  2537 | D:3      | Reached skill level 1 in Short Blades
  2537 | D:3      | Reached XP level 5. HP: 24/24 MP: 8/10
  2543 | D:3      | Learned a level 4 spell: Petrify
  2850 | D:3      | Found an iron altar of Okawaru.
  2947 | D:3      | Found a runed translucent door.
  2969 | D:3      | Noticed kelmiir's ghost (amateur GnWn)
  3031 | D:3      | Reached skill level 4 in Transmutations
  3417 | D:3      | Killed kelmiir's ghost
  3417 | D:3      | Reached skill level 2 in Short Blades
  3417 | D:3      | Reached skill level 4 in Dodging
  3417 | D:3      | Reached XP level 6. HP: 28/28 MP: 8/11
  3588 | D:4      | Found a stormy altar of Qazlal.
  3819 | D:4      | Reached skill level 6 in Stealth
  4409 | D:5      | Entered Level 5 of the Dungeon
  4568 | D:5      | Found a staircase to the Ecumenical Temple.
  4578 | Temple   | Entered the Ecumenical Temple
  4771 | D:5      | Reached skill level 3 in Short Blades
  4771 | D:5      | Reached skill level 5 in Dodging
  4771 | D:5      | Reached skill level 5 in Transmutations
  4771 | D:5      | Reached XP level 7. HP: 32/32 MP: 6/12
  4842 | D:5      | Reached skill level 7 in Stealth
  5886 | D:6      | Reached skill level 4 in Short Blades
  5920 | D:6      | Reached skill level 6 in Dodging
  5920 | D:6      | Reached skill level 6 in Transmutations
  5985 | D:6      | Reached skill level 1 in Fighting
  5985 | D:6      | Reached XP level 8. HP: 30/37 MP: 13/13
  5987 | D:6      | Reached skill level 8 in Stealth
  6583 | D:6      | Reached skill level 7 in Dodging
  6753 | D:6      | Reached skill level 2 in Fighting
  6753 | D:6      | Reached skill level 5 in Short Blades
  6781 | D:6      | Reached skill level 9 in Stealth
  6972 | D:7      | Found a burning altar of Makhleb.
  7193 | D:7      | Found a shadowy altar of Dithmenos.
  7245 | D:7      | Reached skill level 8 in Dodging
  7597 | D:7      | Reached skill level 3 in Fighting
  7597 | D:7      | Reached skill level 4 in Earth Magic
  7672 | D:7      | Found a white marble altar of Elyvilon.
  7759 | D:8      | Reached skill level 3 in Spellcasting
  7764 | D:8      | Reached XP level 9. HP: 44/44 MP: 14/14
  7799 | D:8      | Found a shimmering blue altar of Sif Muna.
  7940 | D:8      | Found a snail-covered altar of Cheibriados.
  7947 | D:8      | Became a worshipper of Cheibriados the Contemplative
  8032 | D:8      | Learned a level 3 spell: Ozocubu's Armour
  8164 | D:8      | Reached skill level 10 in Stealth
  8164 | D:8      | Reached skill level 1 in Charms
  8246 | D:8      | Reached skill level 2 in Charms
  8251 | D:8      | Reached skill level 1 in Throwing
  8302 | D:8      | Reached skill level 2 in Throwing
  8302 | D:8      | Reached skill level 9 in Dodging
  8302 | D:8      | Reached skill level 4 in Spellcasting
  8302 | D:8      | Reached skill level 3 in Charms
  8615 | D:8      | Reached skill level 3 in Throwing
  8961 | D:8      | Found a sacrificial altar of Ru.
  8987 | D:8      | Found an ancient bone altar of Kikubaaqudgha.
  8991 | D:8      | Found a radiant altar of Vehumet.
  9028 | D:9      | Reached skill level 4 in Fighting
  9028 | D:9      | Reached skill level 4 in Charms
  9078 | D:8      | Reached skill level 5 in Earth Magic
  9167 | D:9      | Reached skill level 4 in Throwing
  9252 | D:9      | Reached skill level 5 in Spellcasting
  9322 | D:9      | Reached * piety under Cheibriados
  9363 | D:9      | Found a glowing golden altar of the Shining One.
  9399 | D:9      | Reached skill level 1 in Evocations
  9399 | D:9      | Reached XP level 10. HP: 47/49 MP: 18/18
  9598 | D:9      | Reached skill level 5 in Charms
  9612 | D:9      | Found a hazy altar of Hepliaklqana.
 10071 | D:9      | Reached skill level 10 in Dodging
 10071 | D:9      | Reached skill level 2 in Evocations
 10145 | D:10     | Entered Level 10 of the Dungeon
 10212 | D:10     | Noticed Grum
 10213 | D:10     | Reached skill level 3 in Evocations
 10215 | D:10     | Reached skill level 6 in Charms
 10217 | D:10     | Killed Grum
 10217 | D:10     | Reached ** piety under Cheibriados
 10353 | D:10     | Found Nyutumic's Book Boutique.
 10544 | D:10     | Reached skill level 4 in Evocations
 10561 | D:10     | Reached skill level 6 in Earth Magic
 10623 | D:10     | Reached skill level 7 in Transmutations
 10640 | D:10     | Reached skill level 6 in Short Blades
 10640 | D:10     | Reached skill level 7 in Charms
 10794 | D:10     | Reached skill level 5 in Evocations
 10822 | D:10     | Found a staircase to the Lair.
 10893 | D:10     | Reached *** piety under Cheibriados
 11035 | D:10     | Learned a level 3 spell: Frozen Ramparts
 11402 | D:11     | Found a runed translucent gate.
 11402 | D:11     | Found a runed translucent gate.
 11402 | D:11     | Found a runed translucent gate.
 11402 | D:11     | Noticed kelmiir's ghost (journeyman DEEE)
 11530 | D:11     | Reached XP level 11. HP: 47/53 MP: 19/19
 11545 | D:11     | Reached skill level 1 in Ice Magic
 11557 | D:11     | Reached skill level 8 in Transmutations
 11565 | D:11     | Reached skill level 8 in Charms
 11749 | D:11     | Reached skill level 2 in Ice Magic
 11925 | D:11     | Reached skill level 6 in Evocations
 12021 | D:11     | Noticed Psyche
 12096 | D:11     | Noticed a seven-headed hydra
 12150 | D:11     | Killed Psyche
 12150 | D:11     | Reached skill level 7 in Short Blades
 12194 | D:11     | Reached skill level 6 in Spellcasting
 12324 | D:10     | Bought a book of Changes for 325 gold pieces
 12326 | D:10     | Learned a level 1 spell: Beastly Appendage
 12329 | D:10     | Learned a level 2 spell: Sticks to Snakes
 12378 | Lair:1   | Entered Level 1 of the Lair of Beasts
 12557 | Lair:1   | Reached skill level 3 in Ice Magic
 12780 | Lair:1   | Reached **** piety under Cheibriados
 12790 | Lair:1   | Reached skill level 9 in Transmutations
 12886 | Lair:1   | Reached skill level 4 in Ice Magic
 12988 | Lair:1   | Noticed Joseph
 12996 | Lair:1   | Killed Joseph
 12996 | Lair:1   | Reached skill level 7 in Spellcasting
 13457 | Lair:2   | Reached skill level 8 in Short Blades
 13496 | Lair:2   | Noticed Erica
 13510 | Lair:2   | Killed Erica
 13510 | Lair:2   | Reached skill level 5 in Ice Magic
 14135 | Lair:3   | Reached XP level 12. HP: 47/58 MP: 24/24
 14194 | Lair:3   | Noticed a four-headed hydra
 14209 | Lair:3   | Killed a four-headed hydra
 14209 | Lair:3   | Reached skill level 10 in Transmutations
 14245 | Lair:3   | Reached ***** piety under Cheibriados
 14293 | Lair:3   | Found a staircase to the Shoals.
 14301 | Lair:3   | Found a gate leading to a gauntlet.
 14310 | Gauntlet | Entered a Gauntlet
 14310 | Gauntlet | Found a transporter.
 14310 | Gauntlet | Found a transporter.
 14310 | Gauntlet | Found a transporter.
 14427 | Gauntlet | Found a transporter.
 14431 | Gauntlet | Found a transporter.
 14431 | Gauntlet | Found a transporter.
 14437 | Gauntlet | Found a transporter.
 14440 | Gauntlet | Found a transporter.
 14440 | Gauntlet | Found a transporter.
 14442 | Gauntlet | Found a transporter.
 14445 | Gauntlet | Noticed a reaper
 14451 | Gauntlet | Found a transporter.
 14454 | Gauntlet | Found a transporter.
 14815 | Gauntlet | Killed a reaper
 14815 | Gauntlet | Reached skill level 8 in Spellcasting
 14815 | Gauntlet | Reached skill level 1 in Invocations
 14824 | Gauntlet | Got a brightly glowing tin amulet
 14914 | Gauntlet | Noticed a minotaur
 14982 | Gauntlet | Killed a minotaur
 14982 | Gauntlet | Reached skill level 9 in Short Blades
 14982 | Gauntlet | Reached skill level 6 in Ice Magic
 14997 | Lair:3   | Identified the amulet of Pekhlomosk {RegenMP rC+++ Str+7
                  | Dex-3} (You found it in a Gauntlet)
 15098 | Lair:3   | Reached skill level 2 in Invocations
 15297 | Lair:3   | Reached skill level 3 in Invocations
 15410 | Lair:3   | Reached skill level 9 in Spellcasting
 15850 | Lair:3   | Reached skill level 4 in Invocations
 16010 | Lair:3   | Noticed a four-headed hydra
 16037 | Lair:3   | Killed a four-headed hydra
 16037 | Lair:3   | Reached skill level 10 in Short Blades
 16058 | Lair:3   | Reached ****** piety under Cheibriados
 16410 | Lair:3   | Reached XP level 13. HP: 53/61 MP: 21/27
 16412 | Lair:3   | Reached skill level 10 in Spellcasting
 16412 | Lair:3   | Reached skill level 5 in Invocations
 16416 | Lair:3   | Reached skill level 11 in Dodging
 16634 | Lair:3   | Noticed Prince Ribbit
 16641 | Lair:3   | Killed Prince Ribbit
 17255 | Lair:4   | Reached skill level 6 in Invocations
 17591 | Lair:4   | Reached skill level 11 in Short Blades
 17786 | Lair:4   | Reached skill level 12 in Dodging
 17916 | Lair:4   | Found a staircase to the Snake Pit.
 18700 | Lair:5   | Noticed Josephine
 18709 | Lair:5   | Killed Josephine
 18709 | Lair:5   | Reached skill level 7 in Invocations
 19002 | Lair:5   | Reached skill level 13 in Dodging
 19552 | Lair:5   | Learned a level 5 spell: Lee's Rapid Deconstruction
 19866 | Lair:5   | Got a transparent hunting sling
 19877 | Lair:5   | Learned a level 2 spell: Blink
 19882 | Lair:5   | Learned a level 4 spell: Passage of Golubria
 19930 | Lair:6   | Entered Level 6 of the Lair of Beasts
 19936 | Lair:6   | Reached skill level 12 in Short Blades
 20018 | Lair:6   | Reached skill level 1 in Translocations
 20188 | Lair:6   | Reached skill level 2 in Translocations
 20188 | Lair:6   | Reached skill level 8 in Invocations
 20192 | Lair:6   | Reached XP level 14. HP: 66/66 MP: 29/29
 20238 | Lair:6   | Identified the cursed +2 hunting sling "Jeumn" {flame,
                  | Int+3} (You found it on level 5 of the Lair of Beasts)
 20273 | Lair:6   | Reached skill level 3 in Translocations
 20615 | Lair:6   | Noticed Kirke
 20630 | Lair:6   | Killed Kirke
 20630 | Lair:6   | Reached skill level 4 in Translocations
 21073 | Lair:6   | Reached skill level 14 in Dodging
 21214 | Lair:6   | Found a viscous altar of Jiyva.
 21216 | Lair:6   | Found a staircase to the Slime Pits.
 21490 | Lair:6   | Reached skill level 5 in Translocations
 22313 | Lair:6   | Identified a scroll of acquirement
 22584 | D:11     | Found a staircase to the Orcish Mines.
 22772 | D:11     | Reached skill level 9 in Invocations
 23011 | D:12     | Reached skill level 6 in Translocations
 23361 | D:12     | Found a one-way gate to the infinite horrors of the Abyss.
 23442 | D:12     | Reached skill level 1 in Armour
 23825 | D:13     | Reached skill level 7 in Translocations
 24038 | D:13     | Reached skill level 13 in Short Blades
 24092 | D:13     | Got a slimy quarterstaff
 24147 | D:13     | Found an opulent altar of Gozag.
 24401 | D:13     | Reached skill level 2 in Armour
 24569 | D:14     | Identified the +10 quarterstaff of Toettah {holy, +Rage
                  | Str+4 Dex+3} (You found it on level 13 of the Dungeon)
 24616 | D:14     | Noticed Jaudus's ghost (journeyman OpVM)
 24618 | D:14     | Found a transporter.
 24736 | D:14     | Found a transporter.
 24752 | D:14     | Reached skill level 15 in Dodging
 24754 | D:14     | Reached skill level 8 in Translocations
 24824 | D:14     | Found a shattered altar of Ashenzari.
 24934 | D:14     | Identified the cursed +0 buckler of Biohusoe {Str+3 Int-3
                  | Slay+3}
 24949 | D:14     | Reached XP level 15. HP: 34/70 MP: 20/30
 24967 | D:14     | Noticed Snorg
 25037 | D:14     | Reached skill level 3 in Armour
 25037 | D:14     | Reached skill level 10 in Invocations
 25340 | D:14     | Killed Snorg
 25560 | D:14     | Learned a level 6 spell: Invisibility
 25560 | D:14     | Found a gate to the Vaults.
 25718 | D:15     | Entered Level 15 of the Dungeon
 25735 | D:15     | Reached skill level 1 in Hexes
 25926 | D:15     | Reached skill level 1 in Shields
 26245 | D:15     | Reached skill level 2 in Hexes
 26352 | D:15     | Found a staircase to the Depths.
 27184 | Orc:1    | Entered Level 1 of the Orcish Mines
 27577 | Orc:2    | Entered Level 2 of the Orcish Mines
 27577 | Orc:2    | Found a staircase to the Elven Halls.
 28067 | Orc:2    | Reached skill level 4 in Armour
 28067 | Orc:2    | Reached skill level 3 in Hexes
 28089 | Orc:2    | Reached skill level 2 in Shields
 28100 | Orc:2    | Found Foanoa's Antique Weapon Boutique.
 28205 | Orc:2    | Reached skill level 16 in Dodging
 28470 | Orc:2    | Found a bloodstained altar of Trog.
 28592 | Orc:2    | Found a bloodstained altar of Trog.
 28662 | Orc:2    | Found Tutuzet's Gadget Shoppe.
 28746 | Orc:2    | Noticed an orc warlord
 28765 | Orc:2    | Killed an orc warlord
 28765 | Orc:2    | Reached skill level 14 in Short Blades
 28897 | Orc:2    | Found Gunakk's Assorted Antiques.
 29029 | Orc:2    | Found Hariguby's Book Shop.
 29029 | Orc:2    | Found Fenlaso's Magic Scroll Emporium.
 29031 | Orc:2    | Found Qeam Has's Jewellery Shoppe.
 29033 | Orc:2    | Found Tourph Ewoeh's Jewellery Boutique.
 29053 | Orc:2    | Bought the ring "Beuc" {rF++ MR- Str-5 Dex+8 Slay+4} for
                  | 1238 gold pieces
 29059 | Orc:2    | Bought the ring of Ashenzari's Fury {rPois rC+ Int+4 Dex+6}
                  | for 1446 gold pieces
 29068 | Orc:2    | Bought a scroll of fear for 49 gold pieces
 29068 | Orc:2    | Bought a scroll of teleportation for 42 gold pieces
 29068 | Orc:2    | Bought a scroll of vulnerability for 105 gold pieces
 29068 | Orc:2    | Bought a scroll of vulnerability for 105 gold pieces
 29472 | Snake:1  | Entered Level 1 of the Snake Pit
 29474 | Snake:1  | Reached skill level 4 in Hexes
 29587 | Lair:4   | Learned a level 3 spell: Lesser Beckoning
 29654 | Snake:1  | Reached skill level 3 in Shields
 29863 | Snake:1  | Found a runed translucent door.
 29863 | Snake:1  | Found a shimmering altar of Xom.
 29863 | Snake:1  | Noticed Xucur's ghost (adept DrIE)
 30131 | Snake:2  | Found a frozen archway.
 30221 | Snake:2  | Reached skill level 5 in Hexes
 30233 | Snake:2  | Reached skill level 4 in Shields
 30233 | Snake:2  | Reached XP level 16. HP: 51/75 MP: 3/31
 31035 | Snake:2  | Reached skill level 5 in Fighting
 31096 | Snake:2  | Reached skill level 6 in Hexes
 31112 | Snake:2  | Reached skill level 5 in Shields
 32408 | Snake:3  | Reached skill level 7 in Hexes
 32551 | Snake:4  | Entered Level 4 of the Snake Pit
 32576 | Snake:4  | Reached skill level 6 in Shields
 32906 | Snake:4  | Reached skill level 6 in Fighting
 33383 | Snake:4  | Reached skill level 8 in Hexes
 33541 | Snake:4  | Reached skill level 7 in Shields
 34544 | Snake:4  | Reached skill level 9 in Hexes
 34639 | Snake:4  | Reached skill level 7 in Fighting
 34873 | Snake:4  | Reached XP level 17. HP: 84/84 MP: 27/32
 34957 | Snake:4  | Reached skill level 10 in Hexes
 35179 | Snake:4  | Reached skill level 8 in Fighting
 35486 | Snake:4  | Reached skill level 11 in Hexes
 35715 | Snake:4  | Got a serpentine rune of Zot
 35897 | Shoals:1 | Entered Level 1 of the Shoals
 35989 | Shoals:1 | Found a gateway to a bazaar.
 36081 | Shoals:1 | Noticed Louise
 36103 | Shoals:1 | Killed Louise
 36127 | Shoals:1 | Reached skill level 9 in Translocations
 36907 | Shoals:2 | Noticed Ilsuiw
 36922 | Shoals:2 | Reached skill level 9 in Fighting
 37440 | Shoals:2 | Killed Ilsuiw
 37440 | Shoals:2 | Reached skill level 12 in Hexes
 37510 | Shoals:2 | Reached skill level 10 in Translocations
 38437 | Shoals:2 | Identified the Incunabulum of the Dark Arsonist
 39036 | Shoals:3 | Noticed Polyphemus
 39053 | Shoals:3 | Reached skill level 13 in Hexes
 39065 | Shoals:3 | Reached skill level 10 in Fighting
 39068 | Shoals:3 | Killed Polyphemus
 39228 | Shoals:3 | Reached XP level 18. HP: 93/93 MP: 29/33
 39924 | Shoals:4 | Entered Level 4 of the Shoals
 39959 | Shoals:4 | Reached skill level 14 in Hexes
 40008 | Shoals:4 | Identified the ring of Untruth {rF+ MR- rCorr Dex+2} (You
                  | found it on level 4 of the Shoals)
 40551 | Shoals:4 | Reached skill level 15 in Hexes
 40558 | Shoals:4 | Learned a level 5 spell: Summon Mana Viper
 40985 | Shoals:4 | Reached skill level 1 in Summonings
 41159 | Shoals:4 | Got a barnacled rune of Zot
 41410 | Shoals:4 | Identified the Collected Works on Creative Transformation
 41776 | Vaults:1 | Entered Level 1 of the Vaults
 41792 | Vaults:1 | Found Pixugod's Gadget Emporium.
 41883 | Vaults:1 | Found a flickering gateway to a bazaar.
 41913 | Bazaar   | Entered a bazaar
 41913 | Bazaar   | Found Nox Koubo's Food Emporium.
 41921 | Bazaar   | Found Tymor's Book Emporium.
 41958 | Bazaar   | Found Acloz's General Store.
 41967 | Bazaar   | Found Esudio's Book Shoppe.
 41985 | Bazaar   | Bought a scroll of teleportation for 21 gold pieces
 41985 | Bazaar   | Bought a scroll of fog for 14 gold pieces
 42055 | Vaults:1 | You fall into a shaft and drop 1 floor!
 42181 | Vaults:2 | Noticed Sojobo
 42258 | Vaults:2 | Found a flickering gateway to a bazaar.
 42270 | Bazaar   | Entered a bazaar
 42270 | Bazaar   | Found Enyoraep's Magic Scroll Shoppe.
 42270 | Bazaar   | Found Fussix's Armour Shop.
 42273 | Bazaar   | Found Plog's Weapon Emporium.
 42298 | Bazaar   | Found Cykiucios's Gadget Shop.
 42307 | Bazaar   | Found Utzur's Gadget Shoppe.
 42343 | Bazaar   | Bought a scroll of acquirement for 676 gold pieces
 42343 | Bazaar   | Bought a scroll of teleportation for 39 gold pieces
 42343 | Bazaar   | Bought a scroll of summoning for 123 gold pieces
 42343 | Bazaar   | Bought a scroll of enchant armour for 97 gold pieces
 42448 | Vaults:2 | Reached skill level 2 in Summonings
 42779 | Vaults:2 | Reached skill level 5 in Armour
 42791 | Vaults:2 | Learned a level 1 spell: Apportation
 42801 | Vaults:2 | Reached skill level 3 in Summonings
 42815 | Vaults:2 | Reached skill level 11 in Spellcasting
 43130 | Vaults:2 | Reached skill level 17 in Dodging
 44186 | Vaults:1 | Reached skill level 4 in Summonings
 44271 | Vaults:1 | Found a sacrificial altar of Ru.
 44365 | Vaults:1 | Found Cyeloaf's Armour Shoppe.
 44535 | Vaults:1 | Reached XP level 19. HP: 98/98 MP: 35/35
 44657 | Vaults:1 | Reached skill level 6 in Armour
 45006 | Vaults:1 | Reached skill level 12 in Spellcasting
 45525 | Vaults:1 | Reached skill level 5 in Summonings
 45942 | Vaults:3 | Reached skill level 18 in Dodging
 45991 | Vaults:3 | Noticed Donald
 46022 | Vaults:3 | Killed Donald
 46044 | Vaults:3 | Found Maxkoec's Assorted Antiques.
 46225 | Vaults:3 | You fall into a shaft and drop 1 floor!
 46512 | Vaults:4 | Reached skill level 7 in Armour
 46526 | Vaults:4 | Reached skill level 13 in Spellcasting
 46604 | Vaults:4 | Found Sotar's Armour Shop.
 46684 | Vaults:4 | Found Fabliw's Distillery.
 46687 | Vaults:4 | Found Niappett's Distillery.
 46692 | Vaults:4 | Bought a potion of heal wounds for 75 gold pieces
 46692 | Vaults:4 | Bought a potion of heal wounds for 75 gold pieces
 47604 | Vaults:3 | Reached skill level 19 in Dodging
 48401 | Vaults:3 | Reached skill level 8 in Armour
 48415 | Vaults:3 | Reached XP level 20. HP: 85/102 MP: 31/38
 48440 | Vaults:3 | Reached skill level 14 in Spellcasting
 49025 | Vaults:4 | Reached skill level 20 in Dodging
 49326 | Vaults:4 | Reached skill level 15 in Spellcasting
 49337 | Vaults:4 | Found Jereh's Jewellery Shop.
 49718 | Vaults:4 | Found a runed translucent gate.
 49719 | Vaults:4 | Found a runed translucent gate.
 49719 | Vaults:4 | Found a runed translucent gate.
 49720 | Vaults:4 | Noticed Erghig's ghost (adept DrIE)
 49971 | Vaults:4 | Bought 2 potions of heal wounds for 200 gold pieces
 49971 | Vaults:4 | Bought 2 potions of heal wounds for 200 gold pieces
 49971 | Vaults:4 | Bought a potion of magic for 160 gold pieces
 49971 | Vaults:4 | Bought a potion of might for 80 gold pieces
 49971 | Vaults:4 | Bought a potion of invisibility for 160 gold pieces
 50171 | Elf:1    | Entered Level 1 of the Elven Halls
 50328 | Elf:1    | You fall into a shaft and drop 1 floor!
 50788 | Elf:2    | Found a runed translucent gate.
 50788 | Elf:2    | Found a runed translucent gate.
 50789 | Elf:2    | Found a runed translucent gate.
 50852 | Elf:2    | Reached skill level 21 in Dodging
 51178 | Elf:2    | Reached skill level 11 in Invocations
 51273 | Elf:1    | Noticed Nikola
 51333 | Elf:1    | Killed Nikola
 51793 | Elf:2    | Reached skill level 16 in Spellcasting
 52184 | Elf:2    | Reached skill level 11 in Translocations
 52443 | Elf:3    | Entered Level 3 of the Elven Halls
 52465 | Elf:3    | Found Pioses's Antique Weapon Shop.
 52505 | Elf:3    | Reached XP level 21. HP: 107/107 MP: 42/42
 52637 | Elf:3    | Reached skill level 11 in Transmutations
 52818 | Elf:3    | Identified the Grimoire of Creation
 52829 | Elf:3    | Learned a level 5 spell: Aura of Abjuration
 53067 | Elf:2    | Learned a level 5 spell: Silence
 53254 | Elf:3    | Found a portal to a secret trove of treasure.
 53416 | Elf:3    | Learned a level 6 spell: Statue Form
 53836 | Elf:3    | Identified the +2 great sword "Hell-Harrower" {vorpal,
                  | rPois MR+}
 53836 | Elf:3    | Identified the ring of Incredulity {Ice rN+++ Str-4 Dex-2
                  | SInv}
 54466 | Elf:3    | Identified the cursed +1 ring mail "Heyfatuh" {Int+9}
 54593 | Elf:3    | Identified the +5 glaive "Xanewid" {flame, rF+ rN+ Str+7}
 54620 | Elf:3    | Reached skill level 12 in Translocations
 54784 | Elf:3    | Identified the +1 leather armour "Congush" {rElec rPois
                  | Str-5 Stlth+}
 54784 | Elf:3    | Identified the cursed ring of Understanding {rN+ AC-4}
 55003 | Elf:3    | Identified the ring "Ineosil" {rElec rN+ Str+8 Int-2
                  | Stlth-}
 55612 | Elf:3    | Identified Unur's Collected Works on the Voyage and Stones
 55877 | Depths:1 | Entered Level 1 of the Depths
 55881 | Depths:1 | Found a transporter.
 55980 | Depths:1 | Reached skill level 12 in Transmutations
 56015 | Depths:1 | Noticed a caustic shrike
 56015 | Depths:1 | a shadow dragon changed into a caustic shrike
 56019 | Depths:1 | a caustic shrike changed into an iron dragon
 56047 | Depths:1 | Reached skill level 12 in Invocations
 56075 | Depths:1 | Reached skill level 11 in Fighting
 56314 | Depths:1 | Found a gateway to Hell.
 56461 | Depths:1 | Reached skill level 22 in Dodging
 56608 | Depths:1 | Reached skill level 13 in Translocations
 57611 | Depths:1 | Found a gateway to a ziggurat.
 57761 | Depths:1 | Noticed a caustic shrike
 57761 | Depths:1 | Noticed Nisetemo's ghost (master KoEn)
 57761 | Depths:1 | Noticed a golden dragon
 57772 | Depths:1 | Reached skill level 13 in Transmutations
 57816 | Depths:1 | Noticed a golden dragon
 57822 | Depths:1 | Found a transporter.
 58028 | Depths:2 | Reached skill level 7 in Evocations
 58029 | Depths:2 | Reached XP level 22. HP: 92/114 MP: 26/43
 58584 | Depths:2 | Reached skill level 8 in Evocations
 58589 | Depths:2 | Reached skill level 14 in Translocations
 59204 | Vaults:2 | Killed Sojobo
 59426 | Vaults:2 | Found a staircase to the Crypt.
 59571 | Vaults:3 | Bought a scroll of fog for 86 gold pieces
 59641 | Vaults:4 | Bought a potion of curing for 45 gold pieces
 59641 | Vaults:4 | Bought a potion of curing for 45 gold pieces
 59641 | Vaults:4 | Bought a potion of heal wounds for 75 gold pieces
 59641 | Vaults:4 | Bought a potion of stabbing for 60 gold pieces
 59644 | Vaults:4 | Bought a potion of invisibility for 160 gold pieces
 59644 | Vaults:4 | Bought a potion of curing for 60 gold pieces
 59644 | Vaults:4 | Bought 3 potions of curing for 180 gold pieces
 59644 | Vaults:4 | Bought a potion of curing for 60 gold pieces
 59644 | Vaults:4 | Bought a potion of curing for 60 gold pieces
 59644 | Vaults:4 | Bought a potion of curing for 60 gold pieces
 59644 | Vaults:4 | Bought a potion of heal wounds for 100 gold pieces
 59644 | Vaults:4 | Bought a potion of resistance for 200 gold pieces
 60132 | Depths:2 | Found a one-way gate leading to the halls of Pandemonium.
 60136 | Depths:2 | Reached skill level 9 in Evocations
 60145 | Depths:2 | Reached skill level 14 in Transmutations
 60330 | Depths:2 | Reached skill level 12 in Fighting
 60573 | Depths:2 | Identified Lilali's Grimoire of Dark Secrets and
                  | Transmigration
 60584 | Depths:2 | Identified the Handbook of Black Magic and Confrontation
 60638 | Depths:2 | Found a shimmering blue altar of Sif Muna.
 60649 | Depths:2 | Reached skill level 23 in Dodging
 60846 | Depths:2 | Noticed an ancient lich
 60857 | Depths:2 | Killed an ancient lich
 60857 | Depths:2 | Reached skill level 10 in Evocations
 60871 | Depths:2 | Identified the Compendium of Flying Hexes
 60873 | Depths:2 | Identified the Reference Book on Confrontation and Evil
                  | Arts
 60884 | Depths:2 | Identified the Collected Works on Hurtful Flight
 62040 | Depths:4 | Noticed Margery
 62065 | Depths:4 | Killed Margery
 62072 | Depths:4 | Reached skill level 11 in Evocations
 62436 | Depths:4 | Noticed Xtahua
 62497 | Depths:4 | Killed Xtahua
 62497 | Depths:4 | Reached XP level 23. HP: 70/121 MP: 17/44
 64028 | Depths:4 | Reached skill level 12 in Evocations
 64147 | Depths:4 | Noticed an ancient lich
 64161 | Depths:4 | Killed an ancient lich
 64161 | Depths:4 | Reached skill level 13 in Fighting
 64171 | Depths:4 | Reached skill level 17 in Spellcasting
 64551 | Depths:5 | Entered Level 5 of the Depths
 64796 | Depths:5 | Reached skill level 24 in Dodging
 64848 | Depths:5 | Found a gate to the Realm of Zot.
 65326 | Depths:5 | Reached skill level 13 in Evocations
 66482 | Depths:5 | Noticed a juggernaut
 66488 | Depths:5 | Killed a juggernaut
 66886 | Depths:1 | Killed a caustic shrike
 66887 | Depths:1 | Reached skill level 14 in Evocations
 66888 | Depths:1 | Reached skill level 18 in Spellcasting
 66888 | Depths:1 | Reached XP level 24. HP: 128/128 MP: 20/46
 66892 | Depths:1 | Killed Nisetemo's ghost
 66901 | Depths:1 | Got a shimmering lapis lazuli ring
 66902 | Depths:1 | Identified the ring "Rite" {rPois rF++ rN+ MR+ Dex-4} (You
                  | found it on level 1 of the Depths)
 66909 | Depths:1 | Got a slimy ivory ring
 66910 | Depths:1 | Identified the ring "Puemod" {rN+ Str+6 SInv} (You found it
                  | on level 1 of the Depths)
 67161 | Depths:3 | Reached skill level 25 in Dodging
 67360 | Depths:3 | Reached skill level 14 in Fighting
 67803 | Vaults:5 | Entered Level 5 of the Vaults
 68124 | Vaults:5 | Identified the Reference Book on Aerial Bewitchment
 68481 | Vaults:5 | Reached skill level 15 in Evocations
 68606 | Vaults:5 | Reached skill level 6 in Summonings
 68800 | Vaults:5 | Reached skill level 11 in Stealth
 69063 | Vaults:5 | Identified the +4 glaive of Wuun {drain, +Rage rN+ Int+3}
 69215 | Vaults:5 | Identified the +8 arbalest of the Saving Firefly {penet,
                  | +Fly Int+9}
 69515 | Vaults:5 | Reached skill level 7 in Summonings
 70099 | Vaults:5 | Reached skill level 12 in Stealth
 70147 | Vaults:5 | Identified the cursed +1 robe of Cusiqoet {+Inv rC+}
 70180 | Vaults:5 | Reached XP level 25. HP: 134/134 MP: 28/46
 70204 | Vaults:5 | Reached skill level 19 in Spellcasting
 70883 | Elf:3    | You paid a toll of 2 scrolls of acquirement to enter a
                  | treasure trove
 70884 | Trove    | Entered a treasure trove
 70913 | Trove    | Got a glittering wooden ring
 70914 | Trove    | Identified the ring of Waigasou {rC+ rN++ MP-9 Int+2
                  | Stlth+} (You found it in a treasure trove)
 70917 | Trove    | Identified the +0 hat of the Fiddle {Str+4 Int+5} (You
                  | found it in a treasure trove)
 71230 | D:14     | Reached skill level 8 in Summonings
 71253 | D:14     | Killed Jaudus's ghost
 71544 | Vaults:3 | Bought a potion of curing for 129 gold pieces
 71544 | Vaults:3 | Bought a scroll of enchant weapon for 322 gold pieces
 71687 | Vaults:5 | Noticed an ancient lich
 71701 | Vaults:5 | Killed an ancient lich
 71701 | Vaults:5 | Reached skill level 1 in Long Blades
 72361 | Vaults:5 | Reached skill level 2 in Long Blades
 72361 | Vaults:5 | Reached skill level 16 in Evocations
 72485 | Vaults:5 | Got a silver rune of Zot
 73100 | Zot:1    | Entered Level 1 of the Realm of Zot
 73981 | Zot:1    | Reached skill level 3 in Long Blades
 74088 | Zot:1    | Reached skill level 9 in Summonings
 74788 | Zot:1    | Reached skill level 4 in Long Blades
 75106 | Zot:1    | Identified the +9 dagger of Autumn {antimagic, rElec rN+}
 75198 | Zot:1    | Reached skill level 26 in Dodging
 75293 | Zot:1    | Found the +3 giant club "Skullcrusher" {speed, Str+7}
 75318 | Zot:1    | Found the +4 moon troll leather armour {Spirit, Regen++
                  | MP+5}
 75318 | Zot:1    | Found the +3 hat of Pondering {ponderous, MR+ MP+10 Int+5}
 75676 | Zot:2    | Reached skill level 15 in Fighting
 75686 | Zot:2    | Reached skill level 5 in Long Blades
 77019 | Zot:2    | Noticed a Killer Klown
 77032 | Zot:2    | Killed a Killer Klown
 77032 | Zot:2    | Reached skill level 6 in Long Blades
 77497 | Zot:2    | Noticed an orb of fire
 77956 | Zot:2    | Reached XP level 26. HP: 125/140 MP: 47/47
 77992 | Zot:2    | Reached skill level 7 in Long Blades
 78022 | Zot:2    | Gained mutation: Your body sometimes deteriorates upon
                  | taking damage. [an orb of fire]
 78029 | Zot:2    | Gained mutation: You are frail. (-10% HP) [an orb of fire]
 78030 | Zot:2    | Gained mutation: You are occasionally teleported next to
                  | monsters. [an orb of fire]
 78042 | Zot:2    | Killed an orb of fire
 78128 | Zot:2    | Lost mutation: Your body sometimes deteriorates upon taking
                  | damage. [potion of mutation]
 78128 | Zot:2    | Lost mutation: You are frail. (-10% HP) [potion of
                  | mutation]
 78128 | Zot:2    | Lost mutation: You are occasionally teleported next to
                  | monsters. [potion of mutation]
 78128 | Zot:2    | Gained mutation: Your magical capacity is low. (-10% MP)
                  | [potion of mutation]
 78128 | Zot:2    | Gained mutation: You are clumsy. (Dex -2) [potion of
                  | mutation]
 78128 | Zot:2    | Gained mutation: You possess an exceptional clarity of
                  | mind. [potion of mutation]
 78496 | Zot:3    | Reached skill level 13 in Invocations
 78685 | Zot:2    | Reached skill level 8 in Long Blades
 79163 | Zot:3    | Reached skill level 9 in Long Blades
 79427 | Zot:4    | Reached skill level 27 in Dodging
 79476 | Zot:4    | Reached skill level 10 in Long Blades
 80366 | Zot:4    | Reached skill level 11 in Long Blades
 80858 | Zot:5    | Entered Level 5 of the Realm of Zot
 81149 | Zot:5    | Noticed an orb of fire
 81156 | Zot:5    | Killed an orb of fire
 81157 | Zot:5    | Reached skill level 16 in Fighting
 81350 | Zot:5    | Reached skill level 12 in Long Blades
 81350 | Zot:5    | Reached XP level 27. HP: 137/147 MP: 42/42
 81686 | Zot:5    | Found a runed translucent gate.
 81687 | Zot:5    | Found a runed translucent gate.
 81688 | Zot:5    | Found a runed translucent gate.
 81690 | Zot:5    | Noticed Sar's ghost (legendary NaIE)
 81873 | Zot:5    | Learned a level 5 spell: Irradiate
 81971 | Zot:5    | Noticed an orb of fire
 81992 | Zot:4    | Killed an orb of fire
 82210 | Zot:5    | Reached skill level 17 in Fighting
 82773 | Zot:5    | Found a runed translucent gate.
 82774 | Zot:5    | Found a runed translucent gate.
 82775 | Zot:5    | Found a runed translucent gate.
 83696 | Zot:5    | Reached skill level 18 in Fighting
 84038 | Zot:5    | Noticed an ancient lich
 84039 | Zot:5    | Noticed an ancient lich
 84066 | Zot:5    | Killed an ancient lich
 84135 | Zot:5    | Noticed an ancient lich
 84150 | Zot:5    | Killed an ancient lich
 84155 | Zot:5    | Killed an ancient lich
 84177 | Zot:5    | Noticed an ancient lich
 84185 | Zot:5    | Killed an ancient lich
 84359 | Zot:5    | Noticed an orb of fire
 84378 | Zot:5    | Killed an orb of fire
 84378 | Zot:5    | Reached skill level 19 in Fighting
 84609 | Zot:5    | Got the Orb of Zot
 84912 | Depths:3 | Noticed Wodah the pandemonium lord
 85295 | D:$      | Escaped with the Orb!

Illustrated notes

Levels and vault maps discovered:
D:1:      roderic_dead_forest, layout_basic
D:2:      layout_rooms
D:3:      layout_basic, old_standard_altar, first_ration,
          ebering_ghost_reflecting_pool
D:4:      layout_basic, kennysheep_mini_moat, serial_glass, glass_columns_b,
          glass_columns_a
D:5:      layout_loops_ring, minmay_temple_entry_large_hall,
          portal_sewer_entry_d
D:6:      layout_cave_pools
D:7:      layout_cave_pools, nicolae_dithmenos_shadow_blocks,
          nicolae_overflow_crystal_walls, elyvilon_altar_3
D:8:      layout_basic, cheibriados_altar_1, old_standard_altar,
          kennysheep_little_box, nicolae_ru_path_of_blood, fiery_altar_vehumet,
          serial_rivers, chequers_serial_rivers_room_b,
          chequers_serial_rivers_small_b, chequers_serial_rivers_small_b,
          chequers_serial_rivers_micro_c, chequers_serial_rivers_micro_d,
          grunt_livestock, minmay_manual_mares
D:9:      layout_irregular_city, lemuel_crystal_altar,
          lemuel_coloured_pillars_altar, nicolae_overflow_hidden_temple,
          hangedman_weighted_door, fountainhead
D:10:     layout_loops_ring, due_lair_maze_entry_diamond, serial_shops, shop,
          uniq_grum
D:11:     layout_roguey, hiddenorc1_lemuel, gammafunk_ghost_spectres,
          uniq_psyche
D:12:     layout_basic, lemuel_hellish_altar
D:13:     layout_roguey, st_stairs_4, chequers_jeans, grunt_decor_arrowhead,
          grunt_gozag_statues
D:14:     layout_big_octagon, david_vaults_5, gammafunk_ghost_mausoleum,
          minmay_staircase_windowed_large, basic_altar, uniq_snorg
D:15:     hangedman_depths_entry_try_elsewhere_first, layout_irregular_city,
          grunt_decor_one_mirror
Temple:   corrupted_temple
Lair:1:   layout_roguey, uniq_joseph
Lair:2:   layout_loops_ring, lemuel_fruit_fields, uniq_erica
Lair:3:   regret_index_tunnel_blossom, layout_regular_city,
          minmay_shoals_entry_centaurs, gauntlet_entry_generic,
          beast_lair_carwin_3, grunt_megastairs_2, uniq_prince_ribbit2
Lair:4:   layout_hall_layers, minmay_snake_entry_spellcaster, special_room
          [special_room_bee], infiniplex_staircase_pool_2
Lair:5:   layout_long_grid, enter_volcano_2, minmay_lair_oklob_chamber,
          serial_bayou_shore_b, uniq_josephine
Lair:6:   guppyfry_lair_end_dragon, layout_cellular_growth,
          dpeg_slime_entry_enclosed_altar, grunt_megastairs_4, uniq_kirke
Shoals:1: layout_shoals, serial_shops, bzr_in_the_mist, uniq_louise
Shoals:2: argonaut_golden_fleece, layout_shoals, st_sunken_huts, uniq_ilsuiw
Shoals:3: layout_shoals, yaktaur_hedge, uniq_polyphemus
Shoals:4: shoals_end_grunt_garden, layout_shoals
Snake:1:  layout_rooms, ebering_ghost_xom
Snake:2:  layout_rooms, portal_ice_cave_entry_pillars_four, nrook_loot_triangle
Snake:3:  layout_misc_corridors, serial_bayou_shore_b
Snake:4:  grunt_snake_rune_pools, layout_layer_cave, grunt_ministairs_3
Orc:1:    layout_caves, mines_bat_river
Orc:2:    st_orc_rangers, layout_caves, basic_altar, serial_shops,
          nicolae_shop_overgrown_old_shop, shop, nicolae_shop_crystal, trog_book
Elf:1:    minmay_elf_arrival_circle, layout_geoelf_octagon,
          kennysheep_underground_church, uniq_nikola
Elf:2:    layout_onion_city
Elf:3:    grunt_elf_hall_asides, layout_geoelf_grid, serial_shops,
          nicolae_shop_overgrown_old_shop, nicolae_trove_entry_crossroad,
          minmay_elf_demonology
Vaults:1: vaults_room_octagon, ontoclasm_vaults_idyll, v_misc_4,
          ontoclasm_vaults_fault, st_cells, vaults_room_stairs_pillars,
          vaults_mumra_chevron, vaults_room_fours, hangedman_vaults_stitches,
          ontoclasm_vaults_pinch, hangedman_vaults_impose,
          ontoclasm_vaults_decontamination, vaults_room_grid,
          ontoclasm_vaults_eye, v_misc_16, layout_vaults_omnicross,
          serial_shops, bzr_entry_water, shop, shop, basic_altar
Vaults:2: nicolae_vaults_network_square, nicolae_vaults_quartermaster,
          vaults_room_door_hall, v_alt_pattern_3, nicolae_vaults_alarming,
          minmay_crypt_entry_simple_box, hangedman_vaults_trim,
          ontoclasm_vaults_ring_square, vaults_mumra_hex,
          ontoclasm_vaults_ring_small, vaults_room_pools,
          layout_vaults_omnigrid, serial_shops, bzr_entry_lakeside, uniq_sojobo
Vaults:3: v_misc_4, nicolae_vaults_ninety_degrees, nicolae_vaults_meeting,
          v_rooms_6, nicolae_vaults_asterisk, vaults_room_door_ring,
          ontoclasm_vaults_bender, nicolae_vaults_windows_and_doors_thing,
          vaults_room_mumra_shop_pool, dpeg_vaults_monster_box,
          layout_vaults_ring, uniq_donald
Vaults:4: gammafunk_vaults_ghost_necromancy, hangedman_vaults_pinch,
          hangedman_vaults_river_flow, v_misc_14, grunt_vaults_hallway_short,
          v_pattern_3, v_misc_11, v_alt_pattern_2, st_lines,
          nicolae_vaults_asterisk, v_alt_pattern_3,
          nicolae_vaults_ring_of_whatevers, layout_vaults_maze, serial_shops,
          shop, shop_fountains, shop, shop
Vaults:5: serial_shops
Depths:1: layout_gridlike, enter_ziggurat_e, hellmouth_3, nicolae_wwwww,
          abyss_entry, gammafunk_ghost_berserking_beasts,
          kennysheep_small_square
Depths:2: evilmike_library_of_no_secrets, layout_gridville, hell_entry,
          abyss_entry, kennysheep_crisscross, rand_demon_pan_entry_3
Depths:3: minmay_the_grid_octo_tiled_octocenter_mashed
          [minmay_the_grid_octo_teeth, minmay_the_grid_octo_clover_2,
          minmay_the_grid_octo_pinwheel, minmay_the_grid_octo_fat_diamond,
          minmay_the_grid_octo_prize_single_spiral,
          minmay_the_grid_square_5x5_empty,
          minmay_the_grid_square_5x5_inverted_slash,
          minmay_the_grid_square_5x5_three,
          minmay_the_grid_square_5x5_two_walls_a], layout_honeycomb,
          rand_demon_pan_entry_8, hell_entry
Depths:4: cheibrodos_cascadia, layout_cave_pools, abyss_entry_small_statue_room,
          hellmouth_1, serial_bayou_shore_a, uniq_xtahua, uniq_margery
Depths:5: grunt_zot_entry_tricorne, layout_basic, hell_entry,
          chequers_serial_rivers_large_a, pan_entry,
          serial_sigils_hangedman_gnaw, grunt_ministairs_9,
          minmay_misc_feat_rows, dk_noncrumbling_3, lemuel_flamethrower_2
Zot:1:    layout_gridlike, st_large_dragon_hoard_4
Zot:2:    grunt_zot_stairs_mandelzot, layout_cathedral_of_symmetry,
          hangedman_elemental_corridor
Zot:3:    layout_onion, bh_zot_lava_cross
Zot:4:    layout_gridlike, grunt_megastairs_1
Zot:5:    layout_twisted_circle, ebering_ghost_rock_garden, st_stairs_11,
          grunt_ministairs_10

Skill      XL: |  1  2  3  4  5  6  7  8  9 10 11 12 13 14 15 16 17 18 19 20 21 22 23 24 25 26 27 |
---------------+----------------------------------------------------------------------------------+-----
Earth Magic    | 3 4 5 6 |  6.0
Stealth        | 4 5 6 7 9 10 12 | 12.4
Transmutations | 2 3 4 5 6 7 9 10 13 14 | 14.0
Short Blades   | 1 2 3 4 5 6 8 10 12 13 14 | 14.0
Dodging        | 4 5 6 8 9 10 13 15 16 17 19 21 22 23 24 25 26 27 | 27.0
Fighting       | 1 3 4 7 10 11 12 13 14 15 16 19 | 19.1
Spellcasting   | 3 5 7 9 10 11 13 16 18 19 | 19.3
Charms         | 4 7 8 |  8.0
Throwing       | 4 |  4.0
Evocations     | 1 5 6 7 11 14 15 16 | 16.2
Ice Magic      | 5 6 |  6.0
Invocations    | 4 8 9 10 11 12 13 | 13.0
Translocations | 2 8 10 11 13 14 | 14.0
Armour         | 2 4 5 8 |  8.0
Hexes          | 5 9 13 15 | 15.0
Shields        | 4 7 |  7.2
Summonings     | 4 5 7 9 |  9.0
Long Blades    | 6 12 | 12.4

Action                   |  1- 3 |  4- 6 |  7- 9 | 10-12 | 13-15 | 16-18 | 19-21 | 22-24 | 25-27 || total
-------------------------+-------+-------+-------+-------+-------+-------+-------+-------+-------++-------
Melee: Unarmed           |    13 |       |       |       |       |       |       |       |       ||    13
       Dagger            |    60 |    64 |       |       |       |       |       |       |       ||   124
       Rapier            |       |    74 |   176 |   579 |   900 |  1554 |  1778 |  1750 |  1077 ||  7888
       Headbutt          |       |       |       |    17 |       |       |       |       |       ||    17
       Kick              |       |       |       |     3 |       |       |       |       |       ||     3
       Demon blade       |       |       |       |       |       |       |       |       |   445 ||   445
Throw: Stone             |     8 |     1 |       |       |       |       |       |       |       ||     9
       Dart              |    17 |    79 |    69 |   113 |   115 |    59 |     9 |       |       ||   461
       Throwing net      |       |       |       |     1 |       |       |       |     2 |       ||     3
 Cast: Sandblast         |    24 |    54 |    98 |    29 |     8 |       |       |       |       ||   213
       Passwall          |       |     1 |    11 |    11 |     6 |     4 |       |     4 |    16 ||    53
       Ozocubu's Armour  |       |       |     1 |    45 |    13 |       |       |       |       ||    59
       Petrify           |       |       |       |    22 |   147 |    89 |    53 |    16 |    43 ||   370
       Frozen Ramparts   |       |       |       |    19 |    33 |     8 |       |       |       ||    60
       Beastly Appendage |       |       |       |     4 |     1 |       |       |       |       ||     5
       Sticks to Snakes  |       |       |       |    24 |       |    54 |    13 |     9 |     2 ||   102
       Lee's Rapid Decon |       |       |       |       |    16 |     1 |     7 |     9 |       ||    33
       Blink             |       |       |       |       |     5 |     1 |     3 |     6 |     2 ||    17
       Lesser Beckoning  |       |       |       |       |     2 |   114 |    29 |    51 |    34 ||   230
       Invisibility      |       |       |       |       |       |     9 |    24 |    16 |    18 ||    67
       Passage of Golubr |       |       |       |       |       |     5 |    12 |     8 |       ||    25
       Apportation       |       |       |       |       |       |     4 |       |     1 |     2 ||     7
       Summon Mana Viper |       |       |       |       |       |       |    46 |    60 |    84 ||   190
       Silence           |       |       |       |       |       |       |    10 |    16 |     4 ||    30
       Aura of Abjuratio |       |       |       |       |       |       |     4 |       |     1 ||     5
       Statue Form       |       |       |       |       |       |       |     3 |     7 |     1 ||    11
Invok: Slouch            |       |       |       |       |    13 |       |       |     7 |     5 ||    25
       Bend Time         |       |       |       |       |     1 |       |       |       |       ||     1
       Temporal Distorti |       |       |       |       |     2 |       |       |       |       ||     2
 Abil: End Transformatio |       |       |       |       |       |       |     2 |     3 |       ||     5
Evoke: Tin of tremorston |       |       |       |     1 |     6 |     4 |     1 |    11 |       ||    23
       Wand              |       |       |       |     3 |    34 |    16 |     9 |     8 |     5 ||    75
       Box of beasts     |       |       |       |     2 |       |       |       |     1 |     5 ||     8
       Phial of floods   |       |       |       |       |       |     1 |     1 |     1 |       ||     3
       Phantom mirror    |       |       |       |       |       |       |       |     3 |       ||     3
  Use: Scroll            |       |    13 |     9 |     9 |    17 |    10 |    14 |     8 |    29 ||   109
       Potion            |       |       |     1 |     5 |     6 |     3 |     2 |     5 |    11 ||    33
 Stab: Sleeping          |     2 |    14 |    13 |    14 |    39 |    27 |    47 |    40 |    20 ||   216
       Petrified         |       |       |       |    12 |    54 |    27 |    21 |     8 |    15 ||   137
       Petrifying        |       |       |       |     8 |    31 |    44 |    28 |     3 |    10 ||   124
       Distracted        |       |       |       |     3 |     1 |    17 |     9 |    32 |    21 ||    83
       Held in net/web   |       |       |       |     1 |       |       |       |     4 |       ||     5
       Paralysed         |       |       |       |       |     2 |       |       |       |       ||     2
       Invisible         |       |       |       |       |       |    61 |   106 |    77 |   163 ||   407
  Eat: Ration            |       |     1 |     3 |     6 |    13 |    13 |    12 |    12 |    14 ||    74
Armor: Robe              |    11 |    22 |     6 |    46 |    11 |       |       |       |       ||    96
       Swamp dragon scal |       |       |       |       |    50 |    80 |    75 |    60 |       ||   265
       Skin              |       |       |       |       |       |       |       |    18 |     7 ||    25
       Ice dragon scales |       |       |       |       |       |       |       |    42 |    17 ||    59
       Shadow dragon sca |       |       |       |       |       |       |       |       |   118 ||   118
Dodge: Dodged            |    55 |   143 |   183 |   571 |   796 |   828 |   948 |  1174 |  1080 ||  5778
Block: Buckler           |       |       |       |       |   168 |   558 |   680 |   874 |   584 ||  2864
       Rpst.: Demon blade |       |       |       |       |       |       |       |       |    66 ||    66

Table legend:
 A = Non-vault XP
 B = Vault XP
 C = Vault XP percentage of total XP
 D = Non-vault monster count
 E = Vault monster count
 F = Vault count percentage of total count
                 A         B        C        D         E       F
            +---------+---------+-------+---------+---------+-------
      Total |  818579 |  848231 |  50.9 |    1538 |     922 |  37.5
            +---------+---------+-------+---------+---------+-------
        D:1 |      59 |       0 |   0.0 |      25 |       0 |   0.0
        D:2 |      99 |       0 |   0.0 |      22 |       0 |   0.0
        D:3 |     165 |     115 |  41.1 |      25 |       1 |   3.8
        D:4 |     202 |       0 |   0.0 |       8 |       0 |   0.0
        D:5 |     582 |      14 |   2.3 |      18 |       1 |   5.3
        D:6 |     995 |       0 |   0.0 |      14 |       0 |   0.0
        D:7 |     483 |       0 |   0.0 |      17 |       0 |   0.0
        D:8 |     981 |    1178 |  54.6 |      27 |       7 |  20.6
        D:9 |    1453 |      23 |   1.6 |      18 |       3 |  14.3
       D:10 |    2313 |    1655 |  41.7 |      31 |      14 |  31.1
       D:11 |    6527 |     657 |   9.1 |      37 |      18 |  32.7
       D:12 |    4160 |    2288 |  35.5 |      35 |      13 |  27.1
       D:13 |    6365 |     666 |   9.5 |      30 |       2 |   6.2
       D:14 |   19396 |    8803 |  31.2 |      57 |      14 |  19.7
       D:15 |    8648 |    2049 |  19.2 |      28 |       4 |  12.5
     Lair:1 |    4212 |     466 |  10.0 |      21 |       1 |   4.5
     Lair:2 |    1542 |     918 |  37.3 |       8 |       1 |  11.1
     Lair:3 |   10264 |    8118 |  44.2 |      32 |      57 |  64.0
     Lair:4 |    5254 |    2973 |  36.1 |      21 |      26 |  55.3
     Lair:5 |    5158 |    5015 |  49.3 |      23 |      12 |  34.3
     Lair:6 |    8203 |    9161 |  52.8 |      34 |      26 |  43.3
   Shoals:1 |    7781 |    2610 |  25.1 |      19 |       2 |   9.5
   Shoals:2 |   10415 |   10216 |  49.5 |      21 |      14 |  40.0
   Shoals:3 |   16392 |    6389 |  28.0 |      30 |       7 |  18.9
   Shoals:4 |    6067 |   18632 |  75.4 |      15 |      30 |  66.7
    Snake:1 |    8067 |       0 |   0.0 |      19 |       0 |   0.0
    Snake:2 |   18745 |       0 |   0.0 |      35 |       0 |   0.0
    Snake:3 |   11406 |       0 |   0.0 |      21 |       0 |   0.0
    Snake:4 |   21055 |   44593 |  67.9 |      40 |      61 |  60.4
      Orc:1 |    1764 |      10 |   0.6 |      28 |       5 |  15.2
      Orc:2 |    7360 |    4611 |  38.5 |      52 |      38 |  42.2
      Elf:1 |    5441 |    8897 |  62.1 |       9 |      11 |  55.0
      Elf:2 |   19578 |   21355 |  52.2 |      34 |      28 |  45.2
      Elf:3 |   11952 |   44567 |  78.9 |      22 |      37 |  62.7
   Vaults:1 |   30265 |   12364 |  29.0 |      76 |      21 |  21.6
   Vaults:2 |   15656 |   38305 |  71.0 |      27 |      44 |  62.0
   Vaults:3 |   27957 |   35916 |  56.2 |      50 |      50 |  50.0
   Vaults:4 |   31682 |   23797 |  42.9 |      53 |      28 |  34.6
   Vaults:5 |   40430 |  122502 |  75.2 |      67 |      96 |  58.9
   Depths:1 |   59349 |   36723 |  38.2 |      82 |      33 |  28.7
   Depths:2 |   50422 |   27229 |  35.1 |      70 |      24 |  25.5
   Depths:3 |   24750 |   20078 |  44.8 |      29 |      25 |  46.3
   Depths:4 |   31128 |   41383 |  57.1 |      35 |      33 |  48.5
   Depths:5 |   58062 |   30725 |  34.6 |      48 |      22 |  31.4
      Zot:1 |   22268 |   32298 |  59.2 |      14 |      19 |  57.6
      Zot:2 |   45998 |   49866 |  52.0 |      31 |      32 |  50.8
      Zot:3 |   29841 |       0 |   0.0 |      21 |       0 |   0.0
      Zot:4 |   61012 |   26261 |  30.1 |      33 |      11 |  25.0
      Zot:5 |   56675 |  142357 |  71.5 |      26 |      46 |  63.9
   Gauntlet |       0 |    2448 | 100.0 |       0 |       5 | 100.0
            +---------+---------+-------+---------+---------+-------
